[Event "43. Zurich Weihnachtsopen 2019"]
[Site "Zurich/SUI"]
[Date "2019.12.28"]
[Round "4.8"]
[White "Janoszka, Arnd"]
[Black "Spiric, Igor"]
[Result "1-0"]
[ECO "A10"]
[WhiteElo "2353"]
[BlackElo "2239"]
[Annotator "NA"]
[PlyCount "61"]
[EventDate "2019.12.26"]
[EventType "swiss"]
[SourceTitle "playchess.com"]
[Source "ChessBase"]
[SourceQuality "1"]
[TimeControl "40/5400+30:1800+30"]

1. c4 b6 2. Nc3 e6 3. g3 Bb7 4. e4 f5 5. Bg2 Nf6 6. d3 Bb4 7. Nge2 fxe4 8. O-O O-O 9. dxe4 e5 10. a3 Be7 11. Nd5 Nxd5 12. exd5 d6 13. f4 Nd7 14. Bh3 a5 15. Be3 Nf6 16. Be6+ Kh8 17. Qd3 Bc8 18. f5 Qe8 19. h3 Qh5 20. Kg2 Ba6 21. Nc3 e4 22. Qd4 c5 23. dxc6 d5 24. cxd5 Bd3 25. d6 Rfd8 26. Bf4 Bxd6 27. Bxd6 Ne8 28. Bd7 Bxf1+ 29. Rxf1 Nxd6 30. Qxd6 Qf7 31. Qe6 1-0

[Event "43. Zurich Weihnachtsopen 2019"]
[Site "Zurich/SUI"]
[Date "2019.12.29"]
[Round "5.1"]
[White "Kunin, Vitaly"]
[Black "Lagarde, Maxime"]
[Result "1/2-1/2"]
[ECO "A80"]
[WhiteElo "2538"]
[BlackElo "2655"]
[Annotator "ChessBase"]
[PlyCount "67"]
[EventDate "2019.12.26"]
[EventType "swiss"]
[SourceTitle "playchess.com"]
[Source "ChessBase"]
[SourceQuality "1"]
[TimeControl "40/5400+30:1800+30"]

1. d4 f5 2. Nc3 Nf6 3. Bg5 d5 4. f3 c5 5. e4 Nc6 6. Nge2 fxe4 7. fxe4 Bg4 8. Bxf6 exf6 9. exd5 cxd4 10. dxc6 dxc3 11. cxb7 Qxd1+ 12. Rxd1 Rb8 13. h3 Bxe2 14. Bxe2 Rxb7 15. bxc3 Bc5 16. Bc4 Ke7 17. Ke2 Rc7 18. Bd5 Rb8 19. Rhe1 Bd6 20. Rd3 Be5 21. Kd2 Rb5 22. Re4 Rb1 23. Rb4 Rf1 24. c4 Rf2+ 25. Kd1 Rf1+ 26. Kd2 Rf2+ 27. Kd1 Rf1+ 28. Ke2 Rc1 29. Ra3 Rxc2+ 30. Kd3 Bd6 31. Kxc2 Bxb4 32. Re3+ Kd8 33. Re6 Re7 34. Kd3 1/2-1/2

[Event "43. Zurich Weihnachtsopen 2019"]
[Site "Zurich/SUI"]
[Date "2019.12.29"]
[Round "5.2"]
[White "Martirosyan, Haik M."]
[Black "Henderson de La Fuente, Lance"]
[Result "1-0"]
[ECO "C67"]
[WhiteElo "2613"]
[BlackElo "2492"]
[Annotator "ChessBase"]
[PlyCount "121"]
[EventDate "2019.12.26"]
[EventType "swiss"]
[SourceTitle "playchess.com"]
[Source "ChessBase"]
[SourceQuality "1"]
[TimeControl "40/5400+30:1800+30"]

1. e4 e5 2. Nf3 Nc6 3. Bb5 Nf6 4. O-O Nxe4 5. Qe2 Nd6 6. Bxc6 dxc6 7. Qxe5+ Qe7 8. Qa5 Qd8 9. Qc3 Qf6 10. Re1+ Be6 11. Nd4 Kd7 12. Nxe6 fxe6 13. d4 Nf5 14. Bf4 Bd6 15. Be5 Qg6 16. Nd2 Rad8 17. Nf3 Kc8 18. Qc4 Rhe8 19. c3 Qh6 20. Re4 g5 21. Rae1 Qg6 22. Qe2 g4 23. Nd2 Bxe5 24. Rxe5 Ng7 25. Nc4 h5 26. Ra5 Kb8 27. Ne5 Qf6 28. Qc4 Rf8 29. Rf1 Rd6 30. Ra3 Ka8 31. Qa4 a6 32. Nd3 c5 33. Nxc5 Qf5 34. Rb3 Rb8 35. Nd7 Rd8 36. Qb4 b6 37. Ne5 h4 38. Qc4 Kb7 39. Qe2 h3 40. g3 Rd5 41. Nxg4 Qh5 42. Qe4 Qf5 43. f3 Ne8 44. Ne3 Qxe4 45. fxe4 Ra5 46. a3 Rg5 47. e5 Rg7 48. a4 Rgd7 49. Ra3 c5 50. dxc5 Rd2 51. Rb3 R8d3 52. Rxb6+ Kc8 53. Ng4 Rg2+ 54. Kh1 Nc7 55. c6 Re2 56. Rb4 Nd5 57. Rd4 Rxd4 58. cxd4 Rxb2 59. Nf6 Ne3 60. Rc1 Nc2 61. d5 1-0

[Event "43. Zurich Weihnachtsopen 2019"]
[Site "Zurich/SUI"]
[Date "2019.12.29"]
[Round "5.3"]
[White "Grover, Sahaj"]
[Black "Unuk, Laura"]
[Result "1/2-1/2"]
[ECO "A07"]
[WhiteElo "2508"]
[BlackElo "2305"]
[Annotator "ChessBase"]
[PlyCount "40"]
[EventDate "2019.12.26"]
[EventType "swiss"]
[SourceTitle "playchess.com"]
[Source "ChessBase"]
[SourceQuality "1"]
[TimeControl "40/5400+30:1800+30"]

1. Nf3 Nf6 2. g3 d5 3. Bg2 c6 4. O-O Bg4 5. d3 Nbd7 6. h3 Bh5 7. Qe1 e5 8. e4 dxe4 9. dxe4 Bxf3 10. Bxf3 Bc5 11. b4 Bd6 12. Na3 Qe7 13. c3 b5 14. Nc2 Nb6 15. Ne3 g6 16. Kg2 Nfd7 17. Bd1 Nf8 18. a4 a6 19. axb5 axb5 20. Rxa8+ Nxa8 1/2-1/2

[Event "43. Zurich Weihnachtsopen 2019"]
[Site "Zurich/SUI"]
[Date "2019.12.29"]
[Round "5.4"]
[White "Maki-Uuro, Miikka"]
[Black "Svane, Rasmus"]
[Result "1/2-1/2"]
[ECO "D24"]
[WhiteElo "2331"]
[BlackElo "2597"]
[Annotator "ChessBase"]
[PlyCount "88"]
[EventDate "2019.12.26"]
[EventType "swiss"]
[SourceTitle "playchess.com"]
[Source "ChessBase"]
[SourceQuality "1"]
[TimeControl "40/5400+30:1800+30"]

1. Nf3 d5 2. d4 Nf6 3. c4 e6 4. Nc3 dxc4 5. e4 b5 6. e5 Nd5 7. Nxb5 Nb6 8. Be2 Nc6 9. O-O Be7 10. Be3 O-O 11. Nc3 Rb8 12. Na4 Ba6 13. Rc1 Nxa4 14. Qxa4 Bb5 15. Qc2 Nb4 16. Qe4 Qd5 17. Qg4 f5 18. exf6 Bxf6 19. Ne5 Nd3 20. Bf3 Nxe5 21. Bxd5 Nxg4 22. Bxe6+ Kh8 23. Bxg4 c3 24. Rfd1 cxb2 25. Rb1 Bc4 26. Rd2 c5 27. Rdxb2 Rxb2 28. Rxb2 cxd4 29. Rb4 Bxa2 30. Bxd4 a5 31. Rb2 Bxd4 32. Rxa2 Bb6 33. Rc2 a4 34. Rc8 Bxf2+ 35. Kf1 Rxc8 36. Bxc8 a3 37. Be6 Bb6 38. Ke2 g6 39. Kd3 Kg7 40. Kc2 Kf6 41. Bd5 Ke5 42. Bb7 Kd4 43. Kb3 Bc5 44. h3 g5 1/2-1/2

[Event "43. Zurich Weihnachtsopen 2019"]
[Site "Zurich/SUI"]
[Date "2019.12.29"]
[Round "5.5"]
[White "Wagner, Dennis"]
[Black "Fecker, Noah"]
[Result "1-0"]
[ECO "D78"]
[WhiteElo "2578"]
[BlackElo "2277"]
[Annotator "ChessBase"]
[PlyCount "35"]
[EventDate "2019.12.26"]
[EventType "swiss"]
[SourceTitle "playchess.com"]
[Source "ChessBase"]
[SourceQuality "1"]
[TimeControl "40/5400+30:1800+30"]

1. d4 Nf6 2. c4 g6 3. g3 c6 4. Bg2 d5 5. Nf3 Bg7 6. Qb3 Qb6 7. O-O O-O 8. Nc3 Rd8 9. h3 h6 10. Bd2 Be6 11. c5 Qxb3 12. axb3 Ne4 13. Be3 Nd7 14. b4 a6 15. Ne1 f5 16. Kh2 Bf7 17. f3 e5 18. fxe4 1-0

[Event "43. Zurich Weihnachtsopen 2019"]
[Site "Zurich/SUI"]
[Date "2019.12.29"]
[Round "5.6"]
[White "Pikula, Dejan"]
[Black "Paltrinieri, Nicholas"]
[Result "1-0"]
[ECO "C18"]
[WhiteElo "2444"]
[BlackElo "2332"]
[Annotator "NA"]
[PlyCount "143"]
[EventDate "2019.12.26"]
[EventType "swiss"]
[SourceTitle "playchess.com"]
[Source "ChessBase"]
[SourceQuality "1"]
[TimeControl "40/5400+30:1800+30"]

1. e4 e6 2. d4 d5 3. Nc3 Bb4 4. e5 c5 5. a3 Bxc3+ 6. bxc3 Ne7 7. Qg4 Qc7 8. Bd3 cxd4 9. Ne2 dxc3 10. Qxg7 Rg8 11. Qxh7 Qxe5 12. Bf4 Qf6 $1 13. h4 Nd7 {[%emt 0:00:05] C18: French: 3 Nc3 Bb4: Main line: 7 h4 and 7 Qg4} (13... Rxg2 14. Kf1 Rg8 15. Rg1 Rh8 16. Bg5 Rxh7 17. Bxf6 Rh6 18. Bg5 Rh8 19. Bf6 Rh6 20. Bg5 Rh8 21. Bf6 {½-½ (21) Leko,P (2728)-Shirov,A (2713) Saratov 2011}) 14. Bg5 Qh8 15. Qxh8 Rxh8 16. Nxc3 a6 17. f3 f6 18. Be3 $146 ({Predecessor:} 18. Bd2 Nc5 19. Kf2 {1-0 (50) De Boer,E (2318)-Maatman,N (2354) Groningen 2018}) 18... Ne5 19. Be2 Bd7 20. f4 Nf7 21. O-O-O Rc8 22. Kb2 Nd6 23. g4 Kf7 $11 24. h5 Bb5 25. Nxb5 axb5 26. Bd4 Nc6 27. Rh3 Na5 28. g5 e5 29. fxe5 Nac4+ 30. Kc1 fxe5 31. Bc3 d4 32. Bb4 Kg7 33. Bd3 Rhd8 34. h6+ Kh8 35. Re1 e4 36. Bxe4 Nxe4 37. Rxe4 Ne3 38. Rhxe3 dxe3 39. Rxe3 Rc6 40. Kb2 Rd7 41. Re5 Rdc7 42. Kb3 Kh7 43. c3 Kg6 44. Rxb5 Rf7 45. c4 Re6 46. Bc3 Re3 47. Kb4 Rg3 48. Bf6 Rd7 49. Rb6 Kf5 50. Bg7 Rh3 51. g6 Rh1 52. Rf6+ Kg5 53. Rf7 Rd3 54. Ka4 Kxg6 55. Rxb7 Rhh3 56. Bf8 Rdf3 57. Rb6+ Kh7 58. Bb4 Rxh6 59. Rxh6+ Kxh6 60. c5 Kg6 61. c6 Rf1 62. Kb5 Rc1 63. Bc5 Rb1+ 64. Kc4 Rc1+ 65. Kd5 Rd1+ 66. Kc4 Rc1+ 67. Kb5 Rb1+ 68. Ka6 Rc1 69. Kb6 Rb1+ 70. Bb4 Kf7 71. c7 Rc1 72. Bc5 1-0

[Event "43. Zurich Weihnachtsopen 2019"]
[Site "Zurich/SUI"]
[Date "2019.12.29"]
[Round "5.7"]
[White "Colmenares, Aurelio"]
[Black "Srinath, Rao S.V."]
[Result "0-1"]
[ECO "C02"]
[WhiteElo "2305"]
[BlackElo "2397"]
[Annotator "NA"]
[PlyCount "110"]
[EventDate "2019.12.26"]
[EventType "swiss"]
[SourceTitle "playchess.com"]
[Source "ChessBase"]
[SourceQuality "1"]
[TimeControl "40/5400+30:1800+30"]

1. e4 e6 2. d4 d5 3. e5 c5 4. c3 Bd7 5. Nf3 Qb6 6. Be2 Nc6 7. O-O Nh6 8. Na3 cxd4 9. cxd4 Nf5 10. Nc2 Be7 11. b3 h5 {[%emt 0:03:13] C02: French: Advance Variation} (11... Rc8 12. Rb1 Nb4 13. Nxb4 Qxb4 14. a4 Qb6 15. Kh1 Bb4 16. Bd3 a5 17. Be3 Rc3 18. g4 Nxe3 19. fxe3 {1-0 (32) Li,H (2369)-Zhang,P (2605) China 2010}) 12. Re1 $146 ({Predecessor:} 12. Bb2 g5 13. Nfe1 g4 14. Kh1 f6 15. Bd3 O-O-O 16. Bxf5 exf5 17. Nd3 Rdg8 18. Nf4 Qd8 19. Ne3 {1-0 (35) Trukhin,D (1797)-Kyshtymov,D (1905) Irkutsk 2016}) 12... a5 13. Rb1 Rc8 14. h3 Na7 15. Bg5 Bb5 16. Bxe7 Kxe7 17. a4 Bxe2 18. Rxe2 Rc7 19. Qd2 Rhc8 20. Qg5+ Kf8 21. Rb2 Rc3 22. Qxh5 Rxb3 23. Rxb3 Qxb3 24. Ne3 Nh6 25. Ng4 Qb1+ 26. Kh2 Qg6 27. Qxg6 fxg6 28. Rb2 Rc7 29. Ne3 Nc8 30. g4 b6 31. Kg3 Ke7 32. Kf4 Nf7 $14 33. Rc2 Kd7 34. Ng5 Nd8 35. h4 Ne7 36. f3 Ndc6 37. Rd2 Rc8 38. Nc2 Nb4 39. Na3 Rc1 40. Nb5 Ra1 41. Nh7 Rxa4 42. Nd6 Ra3 43. Nf8+ Kc6 44. Nxe6 a4 45. Rd1 Rc3 46. Ra1 a3 47. Nd8+ Kd7 48. Nb5 Rd3 49. Nxa3 Rxd4+ 50. Kg5 Kxd8 51. Nb5 Rc4 52. Ra7 Nbc6 53. Ra8+ Kd7 54. f4 Rb4 55. Nd6 Nd4 0-1

[Event "43. Zurich Weihnachtsopen 2019"]
[Site "Zurich/SUI"]
[Date "2019.12.29"]
[Round "5.8"]
[White "Curien, Nicolas"]
[Black "Janoszka, Arnd"]
[Result "0-1"]
[ECO "B12"]
[WhiteElo "2257"]
[BlackElo "2353"]
[Annotator "NA"]
[PlyCount "96"]
[EventDate "2019.12.26"]
[EventType "swiss"]
[SourceTitle "playchess.com"]
[Source "ChessBase"]
[SourceQuality "1"]
[TimeControl "40/5400+30:1800+30"]

1. d4 d6 2. e4 c6 3. Nc3 b5 4. Be3 Bb7 5. f4 Nd7 6. e5 e6 7. Nf3 Ne7 8. Bd3 Nb6 9. O-O Ned5 10. Nxd5 Nxd5 11. Bd2 g6 12. Qe1 Bg7 13. Kh1 O-O 14. Ng5 Ne7 15. exd6 Nf5 16. Bxf5 exf5 17. Bb4 Bxd4 18. Rd1 c5 19. c3 Qxd6 20. cxd4 cxb4 21. Qe5 Qd5 22. Qxd5 Bxd5 23. Rfe1 Rac8 24. Rc1 Bxa2 25. Kg1 Bd5 26. Rc5 Rxc5 27. dxc5 Rc8 $19 28. Rc1 b3 29. Nf3 Bc4 30. Nd4 Rxc5 31. Nxb3 Rd5 32. Na5 Rd4 33. Nc6 Rd2 34. Nxa7 Rxb2 35. Nc6 Kg7 36. Nd4 Bd5 37. Rc2 Rxc2 38. Nxc2 Kf6 39. Kf2 Ke7 40. g3 Kd6 41. Ke3 Kc5 42. Kd2 b4 43. Ne3 Be4 44. g4 fxg4 45. Nxg4 Kd4 46. Nf6 Bf5 47. Kc1 h5 48. h4 Be6 0-1

[Event "43. Zurich Weihnachtsopen 2019"]
[Site "Zurich/SUI"]
[Date "2019.12.29"]
[Round "6.2"]
[White "Srinath, Rao S.V."]
[Black "Kunin, Vitaly"]
[Result "0-1"]
[ECO "B07"]
[WhiteElo "2397"]
[BlackElo "2538"]
[Annotator "ChessBase"]
[PlyCount "58"]
[EventDate "2019.12.26"]
[EventType "swiss"]
[SourceTitle "playchess.com"]
[Source "ChessBase"]
[SourceQuality "1"]
[TimeControl "40/5400+30:1800+30"]

1. e4 d6 2. d4 Nf6 3. Nc3 e5 4. Nge2 Nbd7 5. g3 c6 6. Bg2 Be7 7. a4 Qc7 8. h3 h5 9. a5 Rb8 10. Be3 b5 11. axb6 axb6 12. O-O b5 13. f4 O-O 14. Qd2 b4 15. Nd1 c5 16. d5 b3 17. f5 bxc2 18. Qxc2 Nh7 19. Nec3 Bg5 20. Qe2 Ndf6 21. Bxg5 Nxg5 22. Qe3 Ngh7 23. Bf3 Qe7 24. Be2 Kh8 25. Qd2 Rb4 26. Bd3 Bd7 27. Ne3 Rfb8 28. Nc4 g6 29. fxg6 fxg6 0-1

[Event "43. Zurich Weihnachtsopen 2019"]
[Site "Zurich/SUI"]
[Date "2019.12.29"]
[Round "6.4"]
[White "Zhang, Xiaopeng"]
[Black "Grover, Sahaj"]
[Result "1/2-1/2"]
[ECO "D37"]
[WhiteElo "2339"]
[BlackElo "2508"]
[Annotator "RC"]
[PlyCount "74"]
[EventDate "2019.12.26"]
[EventType "swiss"]
[SourceTitle "playchess.com"]
[Source "ChessBase"]
[SourceQuality "1"]
[TimeControl "40/5400+30:1800+30"]

1. d4 d5 2. c4 e6 3. Nc3 a6 4. cxd5 exd5 5. Nf3 Nf6 6. Bg5 Be6 7. e3 Nbd7 8. Bd3 Bd6 9. O-O c6 10. Qc2 Qc7 11. Bh4 Bg4 12. Bg3 O-O 13. Bxd6 Qxd6 14. Nh4 Rfe8 15. h3 Be6 16. f4 Nf8 17. Rae1 c5 18. dxc5 Qxc5 19. Nf3 Bd7 20. Ne5 Rad8 21. Qf2 Ng6 22. Bxg6 hxg6 23. Rc1 Qb6 24. Rfd1 Bf5 25. Rd4 Ne4 26. Nxe4 Bxe4 27. Qd2 Rc8 28. a4 Rxc1+ 29. Qxc1 Qe6 30. Kh2 Rc8 31. Qd1 g5 32. Rd2 gxf4 33. exf4 f6 34. Nf3 Qf5 35. g3 Rc4 36. Nd4 Qc8 37. Ne2 Bc2 1/2-1/2

[Event "43. Zurich Weihnachtsopen 2019"]
[Site "Zurich/SUI"]
[Date "2019.12.29"]
[Round "6.8"]
[White "Florescu, Codrut-Constantin"]
[Black "Loeffler, Markus"]
[Result "1-0"]
[ECO "A48"]
[WhiteElo "2293"]
[BlackElo "2343"]
[Annotator "NA"]
[PlyCount "71"]
[EventDate "2019.12.26"]
[EventType "swiss"]
[SourceTitle "playchess.com"]
[Source "ChessBase"]
[SourceQuality "1"]
[TimeControl "40/5400+30:1800+30"]

1. d4 Nf6 2. Nf3 g6 3. Bg5 Bg7 4. Nbd2 O-O 5. c3 c5 6. e3 cxd4 7. cxd4 b6 8. Rc1 Bb7 9. Bd3 Nc6 10. a3 Rc8 11. O-O h6 12. Bxf6 Bxf6 13. Qe2 d5 14. Bb5 Qd6 15. Nb3 Rc7 16. Rc3 Rfc8 17. Rfc1 Nb8 18. Qd2 a6 19. Be2 Rxc3 20. Rxc3 Rxc3 21. Qxc3 Qc6 22. Qxc6 Bxc6 23. Nc1 e6 24. Kf1 Be7 25. Ne5 Be8 26. Bd3 Kg7 27. f4 f6 28. Nf3 g5 29. g3 Bd6 30. Kf2 a5 31. Na2 Bc6 32. Nc3 Kf7 33. Nb5 Be7 34. g4 Nd7 35. Na7 Bb7 36. f5 1-0

[Event "43. Zurich Weihnachtsopen 2019"]
[Site "Zurich/SUI"]
[Date "2019.12.30"]
[Round "7.1"]
[White "Kunin, Vitaly"]
[Black "Martirosyan, Haik M."]
[Result "1/2-1/2"]
[ECO "E15"]
[WhiteElo "2538"]
[BlackElo "2613"]
[Annotator "ChessBase"]
[PlyCount "80"]
[EventDate "2019.12.26"]
[EventType "swiss"]
[SourceTitle "playchess.com"]
[Source "ChessBase"]
[SourceQuality "1"]
[TimeControl "40/5400+30:1800+30"]

1. d4 Nf6 2. c4 e6 3. Nf3 b6 4. g3 Ba6 5. Qa4 c5 6. Bg2 Bb7 7. O-O cxd4 8. Nxd4 Bxg2 9. Kxg2 Qc8 10. Rd1 Qb7+ 11. f3 Be7 12. Nc3 O-O 13. Bg5 h6 14. Bxf6 Bxf6 15. Ne4 Be5 16. Qa3 a6 17. Rac1 f5 18. Nf2 Bf6 19. Qd3 Rf7 20. b3 Nc6 21. Nxc6 dxc6 22. c5 b5 23. Qc2 e5 24. Rd6 Re8 25. Rcd1 e4 26. fxe4 fxe4 27. Nxe4 Qe7 28. Nxf6+ Rxf6 29. Rxf6 Qxf6 30. e4 Qg5 31. b4 Qe3 32. Qb3+ Qxb3 33. axb3 Rxe4 34. Ra1 Rxb4 35. Rxa6 Rxb3 36. Rxc6 Rc3 37. Rc7 b4 38. Rb7 b3 39. c6 Kh7 40. c7 b2 1/2-1/2

[Event "43. Zurich Weihnachtsopen 2019"]
[Site "Zurich/SUI"]
[Date "2019.12.30"]
[Round "7.2"]
[White "Janoszka, Arnd"]
[Black "Lagarde, Maxime"]
[Result "0-1"]
[ECO "A20"]
[WhiteElo "2353"]
[BlackElo "2655"]
[Annotator "ChessBase"]
[PlyCount "57"]
[EventDate "2019.12.26"]
[EventType "swiss"]
[SourceTitle "playchess.com"]
[Source "ChessBase"]
[SourceQuality "1"]
[TimeControl "40/5400+30:1800+30"]

1. c4 e5 2. g3 c6 3. d4 e4 4. a3 d5 5. Bg2 h6 6. Nc3 Nf6 7. f3 exf3 8. Nxf3 dxc4 9. O-O Nbd7 10. e4 Nb6 11. Ne5 Be6 12. Be3 Bd6 13. Nf3 Bc7 14. Kh1 Qe7 15. Qc2 O-O 16. Rae1 Rae8 17. d5 cxd5 18. Bxb6 dxe4 19. Bxa7 exf3 20. Bxf3 Rd8 21. Nb5 Ba5 22. Re5 b6 23. Qf2 Rd2 24. Re2 Rfd8 25. Rfe1 Rxe2 26. Rxe2 Rd3 27. a4 Qd7 28. Rc2 Rxf3 29. Rc3 0-1

[Event "43. Zurich Weihnachtsopen 2019"]
[Site "Zurich/SUI"]
[Date "2019.12.30"]
[Round "7.3"]
[White "Unuk, Laura"]
[Black "Svane, Rasmus"]
[Result "0-1"]
[ECO "D37"]
[WhiteElo "2305"]
[BlackElo "2597"]
[Annotator "ChessBase"]
[PlyCount "134"]
[EventDate "2019.12.26"]
[EventType "swiss"]
[SourceTitle "playchess.com"]
[Source "ChessBase"]
[SourceQuality "1"]
[TimeControl "40/5400+30:1800+30"]

1. d4 e6 2. c4 Nf6 3. Nf3 a6 4. Nc3 d5 5. cxd5 exd5 6. Bg5 Be6 7. e3 Nbd7 8. Bd3 Bd6 9. O-O c6 10. Bf4 Qc7 11. Bxd6 Qxd6 12. h3 O-O 13. Qc2 g6 14. Rac1 Qe7 15. Na4 Ne8 16. Nc5 Nxc5 17. Qxc5 Nd6 18. a4 Rfd8 19. Ne5 Kg7 20. Rfe1 Qg5 21. Kh2 Rac8 22. Qb6 Bf5 23. b4 Bxd3 24. Nxd3 Rd7 25. Ne5 Re7 26. Qc5 Qf6 27. Kg1 Rce8 28. Ng4 Qe6 29. Ne5 h5 30. Qc2 Qf6 31. Qb2 Kg8 32. Qe2 Qg5 33. Qc2 Re6 34. Nf3 Qf6 35. Ne5 Qg7 36. Re2 g5 37. Ree1 g4 38. hxg4 hxg4 39. g3 Ne4 40. Kg2 Rf6 41. Nd3 Rf3 42. Re2 Re6 43. Rh1 Rh6 44. Qc1 Rff6 45. Ree1 Qh7 46. Nf4 Nd2 47. e4 Rxh1 48. Rxh1 Qxe4+ 49. Kg1 Nf3+ 50. Kf1 Nd2+ 51. Kg1 Nf3+ 52. Kf1 Nxd4 53. Rh4 Nf3 54. Rh5 Rf5 55. Rh6 Re5 56. Rh1 d4 57. b5 axb5 58. axb5 Rxb5 59. Nh5 Nd2+ 60. Kg1 Qxh1+ 61. Kxh1 Rb1 62. Nf6+ Kg7 63. Qxb1 Nxb1 64. Nxg4 d3 65. Ne3 d2 66. Nd1 c5 67. Kg2 c4 0-1

[Event "43. Zurich Weihnachtsopen 2019"]
[Site "Zurich/SUI"]
[Date "2019.12.30"]
[Round "7.5"]
[White "Pikula, Dejan"]
[Black "Zhang, Xiaopeng"]
[Result "1/2-1/2"]
[ECO "B51"]
[WhiteElo "2444"]
[BlackElo "2339"]
[Annotator "NA"]
[PlyCount "104"]
[EventDate "2019.12.26"]
[EventType "swiss"]
[SourceTitle "playchess.com"]
[Source "ChessBase"]
[SourceQuality "1"]
[TimeControl "40/5400+30:1800+30"]

1. e4 c5 2. Nf3 d6 3. Bb5+ Nd7 4. O-O Ngf6 5. Re1 a6 6. Bd3 {[%emt 0:01:54] B51: Sicilian: Moscow Variation (3 Bb5+) without 3...Bd7} g6 7. c3 Bg7 8. Bc2 O-O 9. d4 e5 10. dxe5 (10. a4 Rb8 11. dxe5 Nxe5 12. Nxe5 dxe5 13. Qxd8 Rxd8 {½-½ (65) Amin,B (2707)-Artemiev,V (2761) Danzhou 2019}) 10... Nxe5 11. Nxe5 dxe5 12. Be3 $146 ({Predecessor:} 12. Qxd8 Rxd8 {½-½ (29) Skawinski,A (2392)-Sivuk,V (2523) Wroclaw 2019}) 12... Qc7 13. a4 Be6 14. a5 Ng4 15. Bc1 b5 16. axb6 Qxb6 17. h3 Nf6 18. Qe2 c4 19. Nd2 Rfc8 20. Nf3 Nh5 21. Ra2 h6 22. Be3 Qb7 23. Kh2 Nf6 (23... a5 $11 {remains equal.}) 24. Qd2 Kh7 25. Ra5 Rd8 26. Qc1 Rab8 27. Ra2 Nd7 28. Rd1 Nf6 29. Rxd8 Rxd8 30. Nd2 Nd7 31. Ra4 $11 Qc6 32. Qa1 Ra8 33. Ra5 Qb7 34. Ra4 Qc6 35. Bd1 Nc5 36. Ra5 Nb7 37. Ra2 Bf8 38. Be2 Bc5 39. Bxc5 Nxc5 40. Kg1 Rd8 41. Qe1 Qd7 42. Nf3 Nd3 43. Qa1 Qb7 44. Rxa6 Nc1 45. Qxc1 Qxa6 46. Nxe5 Qa2 47. Qf4 Kg7 48. Bg4 Qa6 49. Bxe6 Qxe6 50. Ng4 h5 51. Ne3 Re8 52. e5 Qxe5 1/2-1/2

[Event "43. Zurich Weihnachtsopen 2019"]
[Site "Zurich/SUI"]
[Date "2019.12.30"]
[Round "7.6"]
[White "Wagner, Dennis"]
[Black "Huss, Andreas"]
[Result "1-0"]
[ECO "A13"]
[WhiteElo "2578"]
[BlackElo "2256"]
[Annotator "ChessBase"]
[PlyCount "71"]
[EventDate "2019.12.26"]
[EventType "swiss"]
[SourceTitle "playchess.com"]
[Source "ChessBase"]
[SourceQuality "1"]
[TimeControl "40/5400+30:1800+30"]

1. c4 e6 2. Nc3 Bb4 3. Qb3 Nc6 4. e3 Nf6 5. a3 Bxc3 6. Qxc3 e5 7. b4 d5 8. cxd5 Nxd5 9. Qc2 O-O 10. Bb2 Qd6 11. Nf3 Re8 12. d3 f6 13. Be2 Be6 14. O-O Bf7 15. Nd2 Qd7 16. Ne4 b6 17. Rac1 Nce7 18. d4 exd4 19. Bxd4 Nf5 20. Bb2 Nfxe3 21. fxe3 Nxe3 22. Nxf6+ gxf6 23. Qc3 Qd5 24. Rf3 Ng4 25. Rg3 Rxe2 26. Rxg4+ Kf8 27. Qxf6 Ke8 28. h3 c5 29. bxc5 bxc5 30. Rf1 Rd8 31. Rg5 Qe6 32. Qh8+ Kd7 33. Rd1+ Kc6 34. Qxd8 Rxb2 35. Rxc5+ Kxc5 36. Qd4+ {[%emt 0:00:09] Kd5} 1-0

[Event "43. Zurich Weihnachtsopen 2019"]
[Site "Zurich/SUI"]
[Date "2019.12.30"]
[Round "7.7"]
[White "Colmenares, Aurelio"]
[Black "Henderson de La Fuente, Lance"]
[Result "0-1"]
[ECO "B48"]
[WhiteElo "2305"]
[BlackElo "2492"]
[Annotator "ChessBase"]
[PlyCount "66"]
[EventDate "2019.12.26"]
[EventType "swiss"]
[SourceTitle "playchess.com"]
[Source "ChessBase"]
[SourceQuality "1"]
[TimeControl "40/5400+30:1800+30"]

1. e4 c5 2. Nf3 e6 3. d4 cxd4 4. Nxd4 Nc6 5. Nc3 Qc7 6. Be3 a6 7. Qd2 Nf6 8. O-O-O Be7 9. f3 b5 10. Nxc6 dxc6 11. g4 e5 12. h4 Be6 13. Qf2 Rd8 14. Rxd8+ Qxd8 15. Bh3 Nd7 16. g5 Bxh3 17. Rxh3 Nf8 18. f4 exf4 19. Bxf4 Ne6 20. Rd3 Qa5 21. Bd6 Bxd6 22. Rxd6 b4 23. Qf5 Qc7 24. Qe5 Qb6 25. Nd1 O-O 26. Qd5 Rd8 27. Rxd8+ Nxd8 28. Qd2 Ne6 29. Ne3 g6 30. c3 Qc5 31. Kc2 Qe5 32. Qd3 Qh2+ 33. Qd2 Qxh4 0-1

[Event "43. Zurich Weihnachtsopen 2019"]
[Site "Zurich/SUI"]
[Date "2019.12.30"]
[Round "7.8"]
[White "Fecker, Noah"]
[Black "Srinath, Rao S.V."]
[Result "1-0"]
[ECO "C06"]
[WhiteElo "2277"]
[BlackElo "2397"]
[Annotator "NA"]
[PlyCount "49"]
[EventDate "2019.12.26"]
[EventType "swiss"]
[SourceTitle "playchess.com"]
[Source "ChessBase"]
[SourceQuality "1"]
[TimeControl "40/5400+30:1800+30"]

1. e4 e6 2. d4 d5 3. Nd2 Nf6 4. e5 Nfd7 5. Bd3 c5 6. c3 Nc6 7. Ngf3 g6 8. h4 h6 9. O-O Bg7 10. Re1 a6 11. a3 Qb6 12. b4 cxd4 13. cxd4 Nxd4 14. Bb2 Nxf3+ 15. Nxf3 Qd8 16. Rc1 Nb8 17. Nd4 ({Better is} 17. h5 $1 $16) 17... Bd7 18. h5 gxh5 $18 19. Nf5 O-O 20. Nxg7 Kxg7 21. Qxh5 Bb5 22. Bb1 Qg5 23. Qh3 d4 24. Bxd4 h5 25. Rc3 1-0